 Dungeon Crawl Stone Soup version 0.24-a0-57-gac335f2 (webtiles) character file.

Game seed: 12598234799898710882

42 Amnesiac the Cutter (level 3, -3/19 HPs)
             Began as a Vine Stalker Monk on Feb 5, 2019.
             Slain by an orc priest
             ... wielding a +0 flail
              (11 damage)
             ... on level 4 of the Dungeon.
             The game lasted 00:01:17 (463 turns).

Amnesiac the Cutter (Vine Stalker Monk)              Turns: 463, Time: 00:01:18

Health: -3/19      AC:  3    Str: 14    XL:     3   Next: 56%
Magic:  0/4        EV: 12    Int: 10    God:
Gold:   36         SH:  0    Dex: 16    Spells: 2/2 levels left

rFire    . . .     SeeInvis .   a - +0 short sword
rCold    . . .     Gourm    .   (no shield)
rNeg     . . .     Faith    .   h - +0 leather armour
rPois    .         Spirit   +   (no helmet)
rElec    .         Reflect  .   (no cloak)
rCorr    .         Harm     .   (no gloves)
MR       .....                  (no boots)
Stlth    ++........             (no amulet)
HPRegen  0.06/turn              (no ring)
MPRegen  0.09/turn              (no ring)

@: no status effects
A: fangs 2, magic shield, antimagic bite, no potion heal 3, rot immunity
a: no special abilities


You were on level 4 of the Dungeon.
You were not hungry.

You visited 1 branch of the dungeon, and saw 4 of its levels.

You collected 36 gold pieces.

Inventory:

Hand Weapons
 a - a +0 short sword (weapon)
Armour
 b - a +0 robe
 h - a +0 leather armour (worn)
 j - a +0 ring mail
Scrolls
 e - a scroll of remove curse {!r, unknown}
 g - a scroll of teleportation {!r, unknown}
Potions
 f - a potion of heal wounds {!q, unknown}
 i - a potion of magic {!q, unknown}
Comestibles
 c - 2 rations
 d - 2 chunks of flesh


   Skills:
 - Level 2.6 Fighting
 + Level 4.1 Short Blades
 - Level 2.4 Dodging
 - Level 2.4 Stealth


You had 2 spell levels left.
You didn't know any spells.
Your spell library was empty.

Dungeon Overview and Level Annotations

Branches:
Dungeon (4/15)
 Temple: D:4-7

Altars:


Innate Abilities, Weirdness & Mutations

You have extremely sharp teeth.
When hurt, damage is shared between your health and your magic reserves.
Your bite disrupts and absorbs the magic of your enemies.
Potions cannot restore your health.
You are immune to rotting.


Message History

There is a stone staircase leading up here.
You climb upwards.
A rat comes into view.
Found 12 gold pieces and a pink potion.
There is a stone staircase leading down here.
The rat bites you.
You hit the rat.
You kill the rat!
No target in view!
You now have 36 gold pieces (gained 12).
You see here a rat corpse.
You butcher the rat corpse.
d - 3 chunks of flesh (gained 1)
You see here a rat skeleton.
i - a pink potion {!q} You see here a rat skeleton.
There is a stone staircase leading down here.
You climb downwards.
There is a stone staircase leading up here.
Some of the chunks of flesh in your inventory have rotted away.
Found a robe.
A goblin comes into view. It is wielding a +0 club.
The goblin shouts!
You hit the goblin but do no damage. You bite the goblin. You drain its power.
The goblin is heavily wounded.
The goblin hits you with a +0 club.
You hit the goblin. You bite the goblin, but do no damage.
The goblin is severely wounded.
The goblin closely misses you.
You barely miss the goblin.
The goblin is severely wounded.
The goblin hits you but does no damage.
You hit the goblin.
You kill the goblin!
Things that are here:
a +0 club; a goblin corpse You see here a ring mail.
j - a ring mail
There is a stone staircase leading down here.
You climb downwards. 3 gnolls come into view.
The gnoll shouts! x3
Found a glowing orange potion.
There is a stone staircase leading up here.
You open the door.
There is an open door here.
You open the door.
An orc comes into view. It is wielding a +0 morningstar.
Found a stone staircase leading up.
There is an open door here. 2 orcs come into view.
The orc shouts!
The orc shouts!
You hear a shout!
You open the door.
An orc and 3 orc priests come into view.
A scorpion comes into view.
The orc priest shouts! x3; The orc shouts!
The orc priest calls down the wrath of Beogh upon you.
Beogh smites you!
Ouch! That really hurt!
* * * LOW HITPOINT WARNING * * *
The orc priest hits you with a +0 flail!
Ouch! That really hurt!
You die...

...... ......
########..... ###
..........###..#
#........#..o.#
+..!.....+o.o.#
#........#..s.#
#..<.....#.o..#
#####'####@##### ###
#......#......#
....##......#.g....#
............#o.....#
........g...#......#
............#.og...#
....####'####g.....#
....#....gg..o.....#
.. #..............#


You could see a scorpion (wandering), 3 orc priests, 3 gnolls and 4 orcs.

Vanquished Creatures
  Jessica (D:2)
  A dart slug (D:1)
  A leopard gecko (D:2)
  2 giant cockroaches (D:1)
  A goblin (D:3)
  A hobgoblin (D:1)
  4 bats
  A frilled lizard (D:1)
  2 rats
14 creatures vanquished.

Notes
Turn   | Place    | Note
-------+----------+-------------------------------------------
     0 | D:1      | Amnesiac the Vine Stalker Monk began the quest for the Orb.
     0 | D:1      | Reached XP level 1. HP: 11/11 MP: 2/2
    22 | D:1      | Reached skill level 3 in Short Blades
    34 | D:1      | Reached XP level 2. HP: 10/16 MP: 3/3
   363 | D:2      | Noticed Jessica
   364 | D:2      | Killed Jessica
   364 | D:2      | Reached skill level 4 in Short Blades
   364 | D:2      | Reached XP level 3. HP: 18/19 MP: 4/4
   463 | D:4      | Noticed a scorpion
   463 | D:4      | Slain by an orc priest

Vault maps used:
D:1:      saegor_arrival_simple_c
D:2:      lemuel_crystal_altar, uniq_jessica, uniq_crazy_yiuf_cottage
D:4:      gammafunk_ghost_nasty_kobolds

Skill      XL: |  1  2 |
---------------+-------+-----
Short Blades   | 3 4 |  4.1
Fighting       | |  2.6
Dodging        | |  2.4
Stealth        | |  2.4

Action                   || total
-------------------------++-------
Melee: Short sword       ||    49
       Bite              ||    14
 Stab: Sleeping          ||     4
Armor: Robe              ||     3
       Leather armour    ||    17
Dodge: Dodged            ||    40

Table legend:
 A = Non-vault XP
 B = Vault XP
 C = Vault XP percentage of total XP
 D = Non-vault monster count
 E = Vault monster count
 F = Vault count percentage of total count
                 A         B        C        D         E       F
            +---------+---------+-------+---------+---------+-------
      Total |      24 |      37 |  60.7 |      13 |       1 |   7.1
            +---------+---------+-------+---------+---------+-------
        D:1 |      13 |       0 |   0.0 |       7 |       0 |   0.0
        D:2 |       7 |      37 |  84.1 |       4 |       1 |  20.0
        D:3 |       4 |       0 |   0.0 |       2 |       0 |   0.0
            +---------+---------+-------+---------+---------+-------
